 Dungeon Crawl Stone Soup version 0.27-a0-650-g8dd3ea4f36 (webtiles) character file.

Game seed: 16382599767585486533

115 spiderkeys the Poker (level 4, -1/38 HPs)
             Began as a Minotaur Gladiator on Mar 16, 2021.
             Was an Initiate of Okawaru.
             Succumbed to orc's curare-tipped dart
             ... on level 4 of the Dungeon.
             The game lasted 00:04:15 (3660 turns).

spiderkeys the Poker (Minotaur Gladiator)           Turns: 3660, Time: 00:04:16

Health: -1/38      AC:  6    Str: 19    XL:     4   Next: 68%
Magic:  3/3        EV: 12    Int:  5    God:    Okawaru [......]
Gold:   160        SH:  0    Dex: 12    Spells: 3/3 levels left

rFire    . . .     SeeInvis .   a - +0 trident
rCold    . . .     Faith    .   (no shield)
rNeg     . . .     Spirit   .   r - +0 ring mail
rPois    .         Reflect  .   c - +0 hat
rElec    .         Harm     .   (no cloak)
rCorr    .         Rampage  .   n - +0 pair of gloves
Will     .....                  (no boots)
Stlth    +.........             (no amulet)
HPRegen  0.12/turn              (no ring)
MPRegen  0.08/turn              (no ring)

@: lethally poisoned (-1 -> -37), slowed, very slow
A: horns 2, retaliatory headbutt
a: Renounce Religion


You were on level 4 of the Dungeon.
You worshipped Okawaru.
Okawaru was noncommittal.
You visited 1 branch of the dungeon, and saw 4 of its levels.

You collected 160 gold pieces.

Inventory:

Hand Weapons
 a - a +0 trident (weapon)
Missiles
 d - 3 throwing nets
 f - 116 stones (quivered)
Armour
 c - a +0 hat (worn)
 n - a +0 pair of gloves (worn)
 r - a +0 ring mail (worn)
Wands
 b - a wand of digging (5)
Scrolls
 e - 9 scrolls of identify {unknown}
 g - a scroll of noise {unknown}
 h - a scroll of enchant weapon {unknown}
 i - 2 scrolls of magic mapping {unknown}
 k - a scroll of immolation {unknown}
 l - 2 scrolls of teleportation {unknown}
 o - a scroll of fog {unknown}
Potions
 j - 2 potions of heal wounds {unknown}
 m - 2 potions of curing {unknown}
 p - 2 potions of mutation {unknown}
 q - a potion of resistance {unknown}
 s - 2 potions of degeneration {unknown}


   Skills:
 + Level 3.2 Fighting
 * Level 4.9 Polearms
 + Level 2.7 Throwing
 + Level 1.9 Armour
 + Level 3.8 Dodging


You had 3 spell levels left.
You didn't know any spells.
Your spell library was empty.

Dungeon Overview and Level Annotations

Branches:
Dungeon (4/15)
 Temple: D:4-7

Altars:
Okawaru
Zin


Innate Abilities, Weirdness & Mutations

You have a pair of horns on your head.
You reflexively headbutt those who attack you in melee.


Message History

You feel sick.
You feel sick.
You feel sick.
You feel sick.
You are no longer poisoned.
An orc opens the door.
It is wielding a +0 whip of pain and quivering curare-tipped darts.
You throw a stone. The stone closely misses the orc.
The orc shouts!
You throw a stone. The stone closely misses the orc.
The orc throws a curare-tipped dart.
The curare-tipped dart barely misses you.
You throw a stone. The stone hits the orc.
The orc is lightly wounded.
A hound skeleton comes into view.
You throw a stone. The stone hits the orc.
The orc is heavily wounded.
The orc throws a curare-tipped dart.
The curare-tipped dart hits you.
You are poisoned.
You have difficulty breathing.
You feel yourself slow down.
You throw a stone. The stone hits the orc.
The orc is severely wounded.
You feel sick.
The orc throws a curare-tipped dart.
The curare-tipped dart hits you.
You are more poisoned.
You have difficulty breathing.
You feel as though you will be slow longer.
The orc throws a curare-tipped dart.
The curare-tipped dart barely misses you.
Okay, then.
You feel sick.
You feel very sick.
* * * LOW HITPOINT WARNING * * *
You feel sick.
The orc throws a curare-tipped dart.
The curare-tipped dart hits you.
You are more poisoned.
You have difficulty breathing.
* * * LOW HITPOINT WARNING * * *
You feel as though you will be slow longer.
There is a stone staircase leading up here.
You die...

[.# #. ....# ..# #(#
#...# ..# #.(##...# ..#
.......# ..# .>...#
..##+## #o..#
......######.$.######.##
.........^..............
..............#Z@.......
########################


You could see an orc and a hound skeleton.

Vanquished Creatures
  3 adders
  An ooze (D:1)
  3 worms (D:2)
  A dart slug (D:2)
  4 leopard geckos (D:1)
  3 orcs (D:3)
  4 bats
  3 giant cockroaches
  8 hobgoblins
  11 jackals
  2 quokkas (D:2)
  3 frilled lizards
  5 goblins
  6 kobolds
  5 rats
62 creatures vanquished.

Notes
Turn   | Place    | Note
-------+----------+-------------------------------------------
     0 | D:1      | spiderkeys the Minotaur Gladiator began the quest for the
                  | Orb.
     0 | D:1      | Reached XP level 1. HP: 18/18 MP: 0/0
   275 | D:1      | Reached XP level 2. HP: 17/25 MP: 1/1
   753 | D:1      | Reached skill level 1 in Armour
   763 | D:1      | Reached skill level 4 in Polearms
  1163 | D:1      | Reached XP level 3. HP: 29/30 MP: 2/2
  1931 | D:2      | Reached XP level 4. HP: 38/38 MP: 3/3
  2839 | D:3      | Found an iron altar of Okawaru.
  2855 | D:3      | Became a worshipper of Warmaster Okawaru
  3363 | D:3      | Found a glowing silver altar of Zin.
  3660 | D:4      | Succumbed to orc's curare-tipped dart

Illustrated notes

Levels and vault maps discovered:
D:1:      dpeg_arrival_stone_temple_mockup, layout_basic, chequers_arboretum
D:2:      layout_rooms
D:3:      layout_basic, old_standard_altar, nicolae_overflow_hidden_temple
D:4:      cheibrodos_helix_gallery, layout_gridville, kennysheep_little_box,
          serial_shops, nicolae_shop_statue_plus, minmay_pentangle

Skill      XL: |  1  2  3 |
---------------+----------+-----
Armour         | 1 |  1.9
Polearms       | 4 |  4.9
Fighting       | 3 |  3.2
Throwing       | |  2.7
Dodging        | |  3.8

Action                   |  1- 3 |  4- 6 || total
-------------------------+-------+-------++-------
Melee: Trident           |    94 |    64 ||   158
       Headbutt          |    11 |     9 ||    20
Throw: Throwing net      |     1 |       ||     1
       Stone             |    30 |    10 ||    40
Armor: Leather armour    |    15 |     6 ||    21
       Ring mail         |       |     5 ||     5
Dodge: Dodged            |    44 |    24 ||    68

Table legend: (Time is in decaauts)
 A = Elapsed time spent in this place.
 B = Non-inter-level travel time spent in this place.
 C = Inter-level travel time spent in this place.
 D = Time resting spent in this place.
 E = Time spent auto-exploring this place.
 F = Levels seen in this place.
 G = Mean time per level.
                   A        B        C        D        E       F      G
               +--------+--------+--------+--------+--------+-----+--------+
         Total |   3674 |   3469 |    205 |    204 |   2834 |   4 |  918.5 |
       Dungeon |   3674 |   3469 |    205 |    204 |   2834 |   4 |  918.5 |
               +--------+--------+--------+--------+--------+-----+--------+

Top non-repeatable levels by time:
     D:1: 1501 daAuts
     D:3: 1168 daAuts
     D:2: 856 daAuts
     D:4: 148 daAuts
